cohdb
Replays
Latest Replays
All Replays
Popular Replays
Top Player Replays
Match Explorer
How It Works
Community
CoH3 Stats
Reddit
Sign in to upload your games and track your stats! →
Sign in with Steam
Match 44802738
Unlisted
Match 44802738
Overview
Messages
Build Orders
End
Construct Weapon Support Center
Selects Special Operations Battlegroup
Selects M29 Weasel Recon Vehicle
M29 Weasel Recon Vehicle
Engineer Squad
M1919 Machine Gun Team
M1919 Machine Gun Team
Bazooka Squad
Mechanized Support Center
M3 Armored Personnel Carrier
Construct Medical Station
.30 cal Machine Gun
M3 Armored Personnel Carrier
.30 cal Machine Gun
M3 Armored Personnel Carrier
Selects Mark Vehicle
Selects UNKNOWN (2162291)
Designate Forward Repair Station
Construct Tank Depot
Selects Raiding Flares
Raiding Flares
Bazooka Squad
Selects SSF Commando Squad
SSF Commando Squad
Engineer Squad
Raiding Flares
M4A1 Sherman Whizbang
Raiding Flares
Forward Retreat Point
SSF Commando Squad
Raiding Flares
M4A1 Sherman Whizbang
Selects Assault Operation
M3 Armored Personnel Carrier
Raiding Flares
Mark Vehicle
.30 cal Machine Gun
Butterfly dog
StovEÆ
shitgameradar
Lieutenant Leukemia
Joraad
THE FUTURE IS NOW OLD MAN
ptbernardo07
DONT BE F STUPID
0
0
Comments
sign in to comment!
No comments posted yet!